 Dungeon Crawl Stone Soup version 0.18-a0-1024-gf1736fb (webtiles) character file.

93786 astax the Warrior (level 15, -3/149 HPs)
             Began as a Minotaur Fighter on Jan 7, 2016.
             Was the Champion of Makhleb.
             Slain by a two-headed ogre
             ... wielding a +0 giant spiked club
             ... led by an ogre mage
              (16 damage)
             ... on level 15 of the Dungeon.
             The game lasted 03:07:19 (26872 turns).

astax the Warrior (Minotaur Fighter)               Turns: 26872, Time: 03:07:19

Health: -3/149     AC: 12    Str: 28    XL:     15   Next: 61%
Magic:  0/15       EV:  2    Int:  3    God:    Makhleb [******]
Gold:   666        SH: 15    Dex: 15    Spells: 0 memorised, 14 levels left

rFire  . . .     SeeInvis .     J - +2 demon blade (elec)
rCold  + . .     Gourm    .     m - +3 plate armour of Pakellas's Hope {rC+ Regen+ rCorr}
rNeg   . . .     Faith    .     y - +2 large shield
rPois  .         Spirit   +     (helmet restricted)
rElec  +         Dismiss  .     N - +0 cloak
rCorr  +         Reflect  .     L - +1 pair of gloves
SustAt +         Harm     .     (no boots)
MR     +....     Rnd*Rage +     q - amulet of guardian spirit
Stlth  .......... Rnd*Tele +    s - ring of the First Seas {SustAt MR- Str+6}
                                a - ring of protection from magic

@: very heavily drained, somewhat resistant to hostile enchantments, extremely
unstealthy
A: retaliatory headbutt, hooves 1, horns 2, rugged brown scales 1, berserk 1,
blink, deformed body, dopey 1, high mp 1, electricity resistance, teleportitis
1, MP-powered wands
a: Blink, Minor Destruction, Lesser Servant of Makhleb, Major Destruction,
Greater Servant of Makhleb, Renounce Religion


You were on level 15 of the Dungeon.
You worshipped Makhleb.
Makhleb was exalted by your worship.
You were very hungry.

You visited 3 branches of the dungeon, and saw 24 of its levels.
You also visited: Labyrinth and Sewer.

You collected 1530 gold pieces.
You spent 864 gold pieces at shops.

Inventory:

Hand Weapons
 J - a +2 demon blade of electrocution (weapon)
Missiles
 i - 686 stones (quivered)
Armour
 m - the +3 plate armour of Pakellas's Hope (worn) {rC+ Regen+ rCorr}
   (You bought it in a shop on level 13 of the Dungeon)

   It protects you from cold.
   It increases your rate of regeneration.
   It protects you from acid and corrosion.
 y - a +2 large shield (worn)
 L - a +1 pair of gloves (worn)
 N - a +0 cloak (worn)
Jewellery
 a - a ring of protection from magic (left hand)
 q - an amulet of guardian spirit (around neck)
 r - a +4 ring of intelligence
 s - the ring of the First Seas (right hand) {SustAt MR- Str+6}
   (You found it on level 7 of the Lair of Beasts)

   [ring of sustain attributes]

   It sustains your strength, intelligence and dexterity.
   It affects your strength (+6).
   It affects your resistance to hostile enchantments.
 M - an uncursed ring of see invisible
 S - an uncursed ring of resist corrosion {unknown}
Wands
 o - a wand of disintegration (10/24)
 p - a wand of cold (10/15)
 t - a wand of digging (15/24)
 B - a wand of paralysis (13/24)
 I - a wand of lightning (11/15)
 P - a wand of disintegration (18/24)
 R - a wand of magic darts (29/48)
 T - a wand of cold (9/15)
 W - a wand of lightning (12/15)
 X - a wand of heal wounds (7/9)
Scrolls
 c - a scroll of enchant weapon
 g - 6 scrolls of magic mapping
 j - 9 scrolls of teleportation
 n - 6 scrolls of blinking
 u - 4 scrolls of fear
 F - 5 scrolls of remove curse
 O - 2 scrolls of amnesia
Potions
 h - 4 potions of brilliance
 k - 3 potions of agility {unknown}
 l - a potion of ambrosia {unknown}
 v - a potion of might
 x - a potion of beneficial mutation {unknown}
 z - a potion of berserk rage {unknown}
 A - a potion of cure mutation {unknown}
 D - 2 potions of resistance {unknown}
 E - 3 potions of haste {unknown}
 G - a potion of poison {unknown}
 H - 7 potions of flight {unknown}
 K - a potion of magic {unknown}
 Q - 6 potions of lignification {unknown}
 U - 3 potions of cancellation {unknown}
 Z - a potion of degeneration {unknown}
Comestibles
 b - 2 fruits
 f - 20 bread rations
 C - 11 meat rations


   Skills:
 + Level 16.7(0.0) Fighting
 - Level 15.9(0.0) Long Blades
 + Level 16.6(0.0) Armour
 - Level 0.2(0.0) Dodging
 + Level 16.5(0.0) Shields


You had 14 spell levels left.
You didn't know any spells.

Dungeon Overview and Level Annotations

Branches:
Dungeon (15/15)            Temple (1/1) D:7            Lair (8/8) D:10
 Shoals (0/4) Lair:4        Snake (0/4) Lair:4        Slime (0/6) Lair:8
    Orc (0/2) D:12         Vaults (0/5) D:14         Depths (0/5) D:15

Altars:
Ashenzari
Cheibriados
Dithmenos
Elyvilon
Fedhas
Gozag
Kikubaaqudgha
Makhleb
Nemelex Xobeh
Okawaru
Pakellas
Qazlal
Ru
Sif Muna
Trog
Vehumet
Xom
Yredelemnul
Zin
The Shining One
Beogh
Jiyva

Shops:
D:8 *   D:9 *   D:10 :([   D:13 %([}(

Annotations:
D:5 sewer


Innate Abilities, Weirdness & Mutations

You reflexively headbutt those who attack you in melee.
You have a pair of horns on your head.
You have large cloven feet.
You are partially covered in rugged brown scales (AC +1, +3% HP).
You tend to lose your temper in combat.
You can translocate small distances at will.
Armour fits poorly on your strangely shaped body.
You are dopey. (Int -2)
You have an increased reservoir of magic (+10% MP).
You are resistant to electric shocks.
You are occasionally teleported next to monsters.
You expend magic power (3 MP) to strengthen your wands.


Message History

You are too injured to fight recklessly!
You are too injured to fight recklessly!
You slice the two-headed ogre!!
You kick the two-headed ogre, but do no damage.
You headbutt the two-headed ogre, but do no damage.
The two-headed ogre is severely wounded.
You block the two-headed ogre's attack.
The two-headed ogre hits you with a giant club!
* * * LOW HITPOINT WARNING * * *
The two-headed ogre hits you with a giant club!
* * * LOW HITPOINT WARNING * * *
The two-headed ogre hits you but does no damage.
Drink which item? (? for menu, Esc to quit)
You feel better. The two-headed ogre barely misses you.
You block the two-headed ogre's attack.
You blink.
You are feeling very hungry.
You block the two-headed ogre's attack. x3
The two-headed ogre hits you with a giant club!!
You die...

#.....'.....#.#
#.....###...#.#
#.......#.###.#
#.....#.#.#...#
#.....#.#.#.######
#########'#.#.......
#..............#....
#...(..........#....
#..@..))....####....
#..OO..#...## ##....
#....).#.O.# #.....
#......#..O# #.....
#......#O..####.....
#......#..O..§......
#......#§...≈≈§.....
#......#O..≈≈§§.....
#......#....≈≈≈.....


You could see 2 two-headed ogres.

Vanquished Creatures
  Rupert (D:12)
  Nessos (D:15)
  A minotaur (Lab)
  Josephine (Lair:4)
  Harold (Lair:3)
  7 hydras
  An ice dragon (D:15)
  A catoblepas (Lair:8)
  A centaur warrior (D:13)
  3 ogre magi (D:15)
  A deep troll shaman (Lair:8)
  9 death yaks
  2 tengu warriors
  5 skeletal warriors (D:12)
  An unseen horror (D:14)
  7 hill giants
  A necromancer (D:13)
  An orc sorcerer (D:15)
  3 griffons
  9 ugly things
  2 manticores
  4 deep elf magi
  2 oklob plants
  2 cyclopes
  2 black mambas (Lair:8)
  Joseph (D:7)
  18 elephants
  A torpor snail (Lair:3)
  15 spiny frogs
  Psyche (D:10)
  3 gargoyles
  5 komodo dragons
  A kobold demonologist (Sewer)
  2 fire drakes
  A polar bear (Lair:8)
  5 trolls
  A harpy skeleton (D:15)
  A polar bear (shapeshifter) (D:11)
  10 two-headed ogres
  35 blink frogs
  Grinder (Sewer)
  2 trapdoor spider zombies
  A trapdoor spider (D:14)
  2 vampires
  A shadow (D:14)
  2 wyverns
  A spriggan (D:7)
  4 wraiths
  5 basilisks
  4 hungry ghosts
  3 fire bats (Lair:8)
  2 steam dragons
  39 yaks
  8 vampire mosquitoes
  15 hippogriffs
  2 mottled dragons
  2 nagas (Lair:4)
  21 wolves
  8 water moccasins
  8 orc warriors
  12 porcupines
  6 sky beasts
  4 black bears
  4 phantoms
  4 wasps
  2 ice beasts
  2 necrophages
  11 ogres
  2 eyes of draining
  10 centaurs
  15 crocodiles
  4 big kobolds
  Blork the orc (D:5)
  23 giant frogs
  An earth elemental (Lab)
  A gnoll sergeant (D:11)
  A water moccasin skeleton (D:6)
  4 scorpions
  3 wights (D:15)
  2 electric eels
  4 lava snakes (Lab)
  5 crimson imps
  2 quasits
  4 giant frog zombies
  3 centaur zombies
  5 centaur skeletons
  14 jellies
  4 giant frog skeletons
  12 orc priests
  Crazy Yiuf (D:5)
  8 hounds
  Ijyb (D:3)
  4 iguanas
  15 orc wizards
  A hell rat (Lair:6)
  A killer bee zombie (D:10)
  7 worker ants
  17 sheep
  2 big kobold zombies (Sewer)
  A hound skeleton (D:7)
  15 gnolls
  15 adders
  77 river rats
  7 shadow imps
  2 ufetubi (Sewer)
  2 oozes
  3 adder skeletons (D:4)
  A worm (D:4)
  7 giant geckos
  49 orcs
  3 bat skeletons (D:7)
  3 bat zombies
  8 giant cockroaches
  8 goblins
  8 hobgoblins
  5 jackals
  7 quokkas
  2 ball pythons
  7 bats
  A giant cockroach zombie (Sewer)
  8 giant newts
  A jackal zombie (D:6)
  32 kobolds
  A kobold zombie (Sewer)
  9 rats
  A butterfly (D:7)
  4 fungi
  10 plants
819 creatures vanquished.

Vanquished Creatures (collateral kills)
  Sonja (D:14)
  A wolf spider (D:14)
2 creatures vanquished.

Vanquished Creatures (others)
  A jelly (D:3)
  A river rat (Lair:5)
  3 kobolds (D:9)
  A fire vortex (Lair:8)
  2 fungi
  3 plants
11 creatures vanquished.

Grand Total: 832 creatures vanquished

Notes
Turn   | Place    | Note
--------------------------------------------------------------
     0 | D:1      | astax the Minotaur Fighter began the quest for the Orb.
     0 | D:1      | Reached XP level 1. HP: 19/19 MP: 0/0
   223 | D:1      | Reached XP level 2. HP: 27/27 MP: 1/1
   601 | D:2      | Found a white marble altar of Elyvilon.
   659 | D:2      | Found a sacrificial altar of Ru.
   668 | D:2      | Reached XP level 3. HP: 33/33 MP: 2/2
   674 | D:2      | Reached skill level 4 in Long Blades
   740 | D:2      | Reached XP level 4. HP: 38/40 MP: 3/3
   741 | D:2      | Reached skill level 5 in Long Blades
  1413 | D:3      | Reached skill level 6 in Long Blades
  1587 | D:3      | Noticed Ijyb
  1602 | D:3      | Killed Ijyb
  1602 | D:3      | Reached XP level 5. HP: 41/46 MP: 4/4
  2027 | D:3      | Found an oddly glowing altar of Pakellas.
  2027 | D:3      | Noticed an orange crystal statue
  2112 | D:3      | Reached skill level 7 in Long Blades
  2324 | D:4      | Reached XP level 6. HP: 50/52 MP: 3/5
  2496 | D:4      | Reached skill level 8 in Long Blades
  3077 | D:4      | Reached skill level 9 in Long Blades
  3077 | D:4      | Reached XP level 7. HP: 53/58 MP: 6/6
  3430 | D:5      | Entered Level 5 of the Dungeon
  3615 | D:5      | Found a glowing drain.
  3619 | Sewer    | Entered a sewer
  4053 | Sewer    | Found a burning altar of Makhleb.
  4055 | Sewer    | Reached skill level 10 in Long Blades
  4092 | Sewer    | Became a worshipper of Makhleb the Destroyer
  4140 | Sewer    | Noticed Grinder
  4140 | Sewer    | Paralysed by Grinder for 3 turns
  4146 | Sewer    | Paralysed by Grinder for 5 turns
  4170 | Sewer    | Killed Grinder
  4170 | Sewer    | Reached skill level 11 in Long Blades
  4170 | Sewer    | Reached XP level 8. HP: 18/66 MP: 3/7
  4416 | Sewer    | Noticed an apprentice kobold demonologist
  4439 | Sewer    | Killed an apprentice kobold demonologist
  4439 | Sewer    | Reached skill level 12 in Long Blades
  5272 | D:5      | Reached * piety under Makhleb
  5619 | D:5      | Noticed Blork the orc
  5630 | D:5      | Killed Blork the orc
  5667 | D:5      | Reached skill level 13 in Long Blades
  5906 | D:5      | Noticed Crazy Yiuf
  5913 | D:5      | Killed Crazy Yiuf
  6043 | D:6      | Reached XP level 9. HP: 30/71 MP: 3/8
  6627 | D:6      | Reached skill level 14 in Long Blades
  6664 | D:6      | Reached ** piety under Makhleb
  7013 | D:7      | Got a pair of fine boots
  7296 | D:7      | Noticed Joseph
  7310 | D:7      | Killed Joseph
  7366 | D:7      | Found a burning altar of Makhleb.
  7366 | D:7      | Found a shimmering altar of Xom.
  7545 | D:7      | Found a staircase to the Ecumenical Temple.
  7640 | D:7      | Reached skill level 5 in Fighting
  7640 | D:7      | Reached skill level 5 in Armour
  7640 | D:7      | Reached skill level 5 in Shields
  7693 | D:7      | Found a bloodstained altar of Trog.
  7751 | D:7      | Found an ancient bone altar of Kikubaaqudgha.
  8900 | D:8      | Found a deep blue altar of Sif Muna.
  8988 | D:8      | Reached *** piety under Makhleb
  8988 | D:8      | Reached XP level 10. HP: 83/83 MP: 7/9
  9071 | D:8      | Found Nyssear's Assorted Antiques.
  9579 | D:9      | Found Etzoul's Demolitions Depot.
  9746 | D:9      | Gained mutation: You are partially covered in rugged brown scales (AC +1, +3% HP). [mutagenic meat]
 10193 | D:9      | Reached skill level 15 in Long Blades
 10371 | D:9      | Identified a scroll of acquirement
 10411 | D:10     | Entered Level 10 of the Dungeon
 10517 | D:10     | Noticed Psyche
 10523 | D:10     | Killed Psyche
 10541 | D:10     | Found Guiloo Uxof's Weapon Shop.
 10562 | D:10     | Reached **** piety under Makhleb
 10621 | D:10     | Reached XP level 11. HP: 86/96 MP: 7/10
 10638 | D:10     | Found Pofid's Armour Emporium.
 10705 | D:10     | Found Qason's Book Emporium.
 10725 | D:10     | Found a staircase to the Lair.
 10923 | D:10     | Reached ***** piety under Makhleb
 11099 | Lair:1   | Entered Level 1 of the Lair of Beasts
 11509 | Lair:1   | Found a labyrinth entrance.
 11531 | Lab      | Entered a labyrinth
 12292 | Lab      | Noticed a minotaur
 12312 | Lab      | Killed a minotaur
 12324 | Lab      | Identified Sif Muna's Disquisition on Malediction
 12929 | Lair:2   | Reached skill level 10 in Shields
 12957 | Lair:2   | Noticed a five-headed hydra
 12970 | Lair:2   | Killed a ten-headed hydra
 12970 | Lair:2   | Reached skill level 10 in Armour
 13079 | Lair:2   | Reached skill level 10 in Fighting
 13482 | Lair:2   | Reached ****** piety under Makhleb
 13482 | Lair:2   | Reached XP level 12. HP: 109/109 MP: 11/11
 14315 | Lair:3   | Noticed Harold
 14332 | Lair:3   | Killed Harold
 14783 | Lair:4   | Found a staircase to the Shoals.
 14837 | Lair:4   | Noticed a death yak
 14852 | Lair:4   | Killed a death yak
 14888 | Lair:4   | Noticed a death yak
 14889 | Lair:4   | Noticed a death yak
 14895 | Lair:4   | Noticed a death yak
 14895 | Lair:4   | Noticed a death yak
 14897 | Lair:4   | Noticed a death yak
 14901 | Lair:4   | Killed a death yak
 14912 | Lair:4   | Killed a death yak
 14916 | Lair:4   | Killed a death yak
 14925 | Lair:4   | Killed a death yak
 14934 | Lair:4   | Killed a death yak
 15219 | Lair:4   | Reached XP level 13. HP: 121/121 MP: 10/12
 15503 | Lair:4   | Found a staircase to the Snake Pit.
 15854 | Lair:4   | Noticed Josephine
 15872 | Lair:4   | Killed Josephine
 16374 | Lair:5   | Identified the Reference Book on Good Luck (You found it on level 5 of the Lair of Beasts)
 16739 | Lair:5   | Got a coiled brass ring
 17799 | Lair:7   | Got a smoking copper ring
 18664 | Lair:7   | Identified the ring of the Marlin {rF+ Int+3} (You found it on level 5 of the Lair of Beasts)
 18666 | Lair:7   | Identified the ring of the First Seas {SustAt MR- Str+6} (You found it on level 7 of the Lair of Beasts)
 18704 | Lair:8   | Entered Level 8 of the Lair of Beasts
 18770 | Lair:8   | Reached XP level 14. HP: 114/135 MP: 10/13
 19850 | Lair:8   | Found a runed door.
 19851 | Lair:8   | Found a viscous altar of Jiyva.
 19852 | Lair:8   | Found a staircase to the Slime Pits.
 20459 | Temple   | Entered the Ecumenical Temple
 20785 | D:11     | Reached skill level 15 in Fighting
 20789 | D:11     | Gained mutation: You tend to lose your temper in combat. [mutagenic meat]
 20790 | D:11     | Gained mutation: Armour fits poorly on your strangely shaped body. [mutagenic meat]
 20791 | D:11     | Gained mutation: You have an increased reservoir of magic (+10% MP). [mutagenic meat]
 20857 | D:11     | Gained mutation: You have a pair of large horns on your head. [mutagenic meat]
 20858 | D:11     | Gained mutation: Potions and wands are less effective at restoring your health. [mutagenic meat]
 20860 | D:11     | Gained mutation: You have large cloven feet. [mutagenic meat]
 20861 | D:11     | Gained mutation: You are weak. (Str -2) [mutagenic meat]
 21054 | D:11     | Reached skill level 15 in Armour
 21127 | D:11     | Reached skill level 15 in Shields
 21538 | D:12     | Noticed Rupert
 21542 | D:12     | Paralysed by Rupert for 4 turns
 21563 | D:12     | Killed Rupert
 21841 | D:12     | Lost mutation: You are weak. (Str -2) [mutagenic meat]
 21843 | D:12     | Lost mutation: Potions and wands are less effective at restoring your health. [mutagenic meat]
 22280 | D:12     | Gained mutation: You are resistant to electric shocks. [mutagenic meat]
 22568 | D:12     | Found a roughly hewn altar of Beogh.
 22568 | D:12     | Found a staircase to the Orcish Mines.
 22609 | D:12     | Found a burning altar of Makhleb.
 23377 | D:13     | Found Xecherch's Weapon Boutique.
 23379 | D:13     | Found Miump's Food Emporium.
 23381 | D:13     | Found Ykitoywo's Armour Boutique.
 23426 | D:13     | Bought the +3 plate armour of Pakellas's Hope {rC+ Regen+ rCorr} for 864 gold pieces
 23498 | D:13     | Found Keri's Gadget Emporium.
 23519 | D:13     | Reached XP level 15. HP: 145/147 MP: 13/15
 23535 | D:13     | Gained mutation: You are clumsy. (Dex -2) [mutagenic meat]
 23536 | D:13     | Lost mutation: You are clumsy. (Dex -2) [mutagenic meat]
 23657 | D:13     | Gained mutation: You can translocate small distances at will. [mutagenic meat]
 23658 | D:13     | Gained mutation: You are weak. (Str -2) [mutagenic meat]
 23815 | D:13     | Found Hymeuwi's Antique Weapon Emporium.
 24209 | D:13     | Gained mutation: You are occasionally teleported next to monsters. [mutagenic meat]
 24211 | D:13     | Gained mutation: You are dopey. (Int -2) [mutagenic meat]
 24212 | D:13     | Gained mutation: You expend magic power (3 MP) to strengthen your wands. [mutagenic meat]
 24368 | D:14     | Found a gate to the Vaults.
 24474 | D:14     | Reached skill level 16 in Fighting
 24940 | D:15     | Entered Level 15 of the Dungeon
 24986 | D:15     | Noticed Nessos
 25024 | D:15     | Killed Nessos
 25280 | D:15     | Found a staircase to the Depths.
 25587 | D:15     | Lost mutation: You have a pair of large horns on your head. [mutagenic meat]
 25589 | D:15     | Lost mutation: You are weak. (Str -2) [mutagenic meat]
 25615 | D:15     | Noticed Sonja
 25700 | D:15     | HP: 2/149 [something (8)]
 25734 | D:14     | Killed Sonja
 25752 | D:14     | HP: 2/149 [wolf spider (15)]
 25758 | D:14     | HP: 4/149 [wolf spider (8)]
 26872 | D:15     | Slain by a two-headed ogre

Vault maps used:
D:1:      minmay_arrival_hallway
D:2:      elyvilon_altar_4, nicolae_ru_great_annihilating_truth, first_bread
D:3:      gammafunk_pakellas_statue_experiment, uniq_iyjb
D:4:      lemuel_upstairs_altar, kennysheep_boxes
D:5:      gup_sewer_entry_bowl, uniq_crazy_yiuf_cottage, uniq_blork_the_orc
D:6:      wad_woods_tower
D:7:      grunt_temple_overflow_champion_of_chaos, kennysheep_vampire_church,
          bloody_trog, minmay_temple_entry_butterflies, the_bakery, uniq_joseph
D:8:      kennysheep_spiral_hall, lemuel_doored_altar, serial_shops, shop,
          minmay_crystal_water
D:9:      hangedman_decor_slide_cut, nicolae_blasting_shop
D:10:     minmay_lair_entry_grove, serial_shops, nicolae_shop_crystal, shop,
          shop, uniq_psyche
D:11:     serial_glass, glass_columns_a, glass_columns_b, glass_columns_c,
          glass_columns_b, glass_columns_b, glass_columns_a, glass_columns_b,
          glass_columns_a, lightli_fourway_metalbox
D:12:     david_orc_5, makhleb_altar_promises_db, uniq_rupert
D:13:     serial_shops, shop, nicolae_shop_waterfront, shop,
          nicolae_shop_temple_entry_statues_fountains, nicolae_shop_stone
D:14:     david_vaults_1, serial_park_square2
D:15:     grunt_enter_depths_magical_seal, uniq_sonja, uniq_nessos
Temple:   circular_temple_12
Lair:1:   lab_entry_generic, infiniplex_staircase_pool_2, lemuel_fruit_tree
Lair:2:   minmay_lair_oklob_items
Lair:3:   bobbens_dragon_lair_wall, uniq_harold
Lair:4:   shoals_dummy_entry, minmay_snake_entry_guardpost_small, uniq_josephine
Lair:6:   minmay_holes, beast_lair_carwin_10
Lair:8:   grunt_lair_end_beastmaster, slime_altar_2
Lab:      labyrinth_mini_lab, nicolae_lab_hexagon, lab_hedge, nicolae_lab_stuck,
          labyrinth_glass_1, nicolae_lab_flowing_pool, lab_statue,
          nicolae_lab_lava, nicolae_lab_very_dead_end,
          labyrinth_skeletal_remains, labyrinth_lava_lair, labyrinth_fake_exit
Sewer:    kennysheep_sewer_church

Action                   |  1- 3 |  4- 6 |  7- 9 | 10-12 | 13-15 || total
-------------------------+-------+-------+-------+-------+-------++-------
Melee: Long sword        |    52 |   268 |   588 |   184 |       ||  1092
       Demon blade       |       |       |       |   602 |  1346 ||  1948
Throw: Stone             |       |     5 |     5 |     7 |    11 ||    28
Invok: Minor Destruction |       |       |     2 |     5 |     6 ||    13
       Lesser Servant of |       |       |       |       |     2 ||     2
 Abil: Blink             |       |       |       |       |     4 ||     4
Evoke: Wand              |       |       |       |     3 |     4 ||     7
  Use: Scroll            |       |     4 |     6 |    12 |     7 ||    29
       Potion            |       |       |       |     1 |    21 ||    22
 Stab: Paralysed         |     1 |       |       |       |       ||     1
  Eat: Chunk             |       |     7 |    15 |    20 |    57 ||    99
       Beef jerky        |       |       |     2 |     2 |     2 ||     6
       Pizza             |       |       |     1 |       |       ||     1
       Royal jelly       |       |       |       |     1 |       ||     1
       Fruit             |       |       |       |       |     5 ||     5
       Meat ration       |       |       |       |       |     1 ||     1
